 Dungeon Crawl Stone Soup version 0.21.1-1-g345015f (webtiles) character file.

30 Falco the Conjurer (level 3, 12/14 HPs)
             Began as a Felid Conjurer on May 10, 2018.
             Quit the game on level 2 of the Dungeon.
             The game lasted 00:03:45 (1207 turns).

Falco the Conjurer (Felid Conjurer)                 Turns: 1207, Time: 00:03:46

Health: 12/14      AC:  1    Str:  4    XL:     3   Next: 3%
Magic:  7/7        EV: 18    Int: 17    God:
Gold:   50         SH:  0    Dex: 16    Spells: 3/6 levels left
                                        Lives:  0   Deaths: 0

rFire    . . .     SeeInvis +   (weapon unavailable)
rCold    . . .     Gourm    .   (shield unavailable)
rNeg     . . .     Faith    .   (armour unavailable)
rPois    .         Spirit   .   (helmet unavailable)
rElec    .         Reflect  .   (cloak unavailable)
rCorr    .         Harm     .   (gloves unavailable)
MR       .....                  (boots unavailable)
Stlth    +++.......             (no amulet)
HPRegen  0.04/turn              (no ring)
MPRegen  0.10/turn              (no ring)

@: quick
A: very small, no armour, no weapons or thrown items, stealth, claws 1, fangs 3,
see invisible, carnivore, speed 1, shaggy fur 1, slow metabolism 1, sharp paws
a: no special abilities


You were on level 2 of the Dungeon.
You were not hungry.

You visited 1 branch of the dungeon, and saw 2 of its levels.

You collected 50 gold pieces.

Inventory:

Scrolls
 c - 2 scrolls of noise {unknown}
 d - a scroll of remove curse {unknown}
 e - a scroll of amnesia {unknown}
 g - a scroll of magic mapping {unknown}
Potions
 f - 2 potions of heal wounds {unknown}
 h - a potion of invisibility {unknown}
 i - a potion of might {unknown}
Books
 a - a book of Conjurations

   Spells                             Type                      Level
   a - Magic Dart                     Conjuration                  1
   b - Searing Ray                    Conjuration                  2
   c - Dazzling Spray                 Conjuration/Hexes            3
   d - Fulminant Prism                Conjuration/Hexes            4
   e - Force Lance                    Conjuration/Translocation    4
   f - Iskenderun's Mystic Blast      Conjuration                  4
Comestibles
 b - 3 rations


   Skills:
 + Level 2.8 Dodging
 + Level 3.0 Stealth
 + Level 0.3 Unarmed Combat
 + Level 2.2 Spellcasting
 + Level 4.2 Conjurations


You had 3 spell levels left.
You knew the following spells:

 Your Spells              Type           Power        Failure   Level  Hunger
a - Magic Dart            Conj           ###.         3%          1    #......
b - Searing Ray           Conj           ###...       4%          2    ###....


Dungeon Overview and Level Annotations

Branches:
Dungeon (2/15)

Altars:


Innate Abilities, Weirdness & Mutations

You cannot wear armour.
You are incapable of wielding weapons or throwing items.
Your paws allow you to move quietly. (Stealth)
You have sharp claws.
You have razor-sharp teeth.
You have supernaturally acute eyesight. (SInv)
You are carnivorous and can eat meat at any time.
You cover ground quickly.
You are covered in fur. (AC +1)
You have a slow metabolism.
Your sharp claws are effective at attacking unaware monsters.


Message History

Casting: Magic Dart
Confirm with . or Enter, or press ? or * to list all spells.
Aiming: Magic Dart
Press: ? - help, Shift-Dir - straight line, f - kobold
Aim: a kobold, wearing a shield The magic dart hits the kobold.
You kill the kobold!
You now have 50 gold pieces (gained 12).
You see here a shield.
Magic restored.
There is an open door here.
Found a stone staircase leading down.
There is a stone staircase leading down here.
A kobold comes into view. It is wielding a dagger.
The kobold shouts!
The kobold moves out of view.
The kobold is too close now for your liking.
Welcome back, Falco the Felid Conjurer.
Press ? for a list of commands and other information.
Are you sure you want to abandon this character and quit the game? (Confirm with "yes".)

.. ..
########.#.....#
..
.........#.#.#.#
..
.........#.#.#.#
..
....K....#.#.#.#
#....
........##.#.#.#
#.... #@##...#.#
#....
#.##...#.#####....
#.##........##....
#.##.#>#.##.##....
#.##.###.##.##....
#....# #.##.##....
###### #.....'....
#######.... #####


You could see a kobold.

Vanquished Creatures
  2 dart slugs (D:1)
  2 leopard geckos
  4 bats (D:1)
  2 giant cockroaches
  2 goblins (D:1)
  2 hobgoblins (D:1)
  5 kobolds
  2 frilled lizards (D:1)
  4 rats (D:1)
25 creatures vanquished.

Notes
Turn   | Place    | Note
-------+----------+-------------------------------------------
     0 | D:1      | Falco the Felid Conjurer began the quest for the Orb.
     0 | D:1      | Reached XP level 1. HP: 7/7 MP: 4/4
   273 | D:1      | Reached XP level 2. HP: 11/11 MP: 0/6
   280 | D:1      | Reached skill level 4 in Conjurations
   742 | D:1      | Learned a level 2 spell: Searing Ray
  1022 | D:2      | Reached XP level 3. HP: 5/14 MP: 0/7
  1207 | D:2      | Quit the game

Skill      XL: |  1  2 |
---------------+-------+-----
Conjurations   | 4 |  4.2
Stealth        | 3 |  3.0
Dodging        | |  2.8
Unarmed Combat | |  0.3
Spellcasting   | |  2.2

Action                   || total
-------------------------++-------
Melee: Unarmed           ||    38
       Bite              ||     1
 Cast: Magic Dart        ||    29
       Searing Ray       ||     3
 Stab: Sleeping          ||     5
Armor: Skin              ||     2
Dodge: Dodged            ||    26
